 Dungeon Crawl Stone Soup version 0.32-a0-921-g04a7ad8e02 (webtiles) character file.

Game seed: 11132619225306903800

114 GabrielManson the Trooper (level 4, -8/40 HPs)
             Began as a Ghoul Fighter on Apr 12, 2024.
             Mangled by Revguard's ghost (12 damage)
             ... on level 3 of the Dungeon.
             The game lasted 00:08:34 (2208 turns).

GabrielManson the Trooper (Ghoul Fighter)           Turns: 2208, Time: 00:08:35

Health: -8/40      AC: 10    Str: 21    XL:     4   Next: 97%
Magic:  4/4        EV:  8    Int:  7    God:
Gold:   169        SH:  4    Dex:  8    Spells: 3/3 levels left

rFire   . .          .
                       - Unarmed
rCold   + . .        b - +0 buckler
rNeg    + + +        a - +2 scale mail
rPois   ∞            (no helmet)
rElec   .            f - scarf {repulsion}
rCorr   .            (no gloves)
SInv    .            q - +0 pair of boots
Will    +....        (no amulet) Stlth
                     g - ring of willpower
HPRegen 0.00/turn    (no ring)
MPRegen 0.09/turn

%: repel missiles
@: mighty, inhibited regen
A: claws 1, cold resistance 1, negative energy resistance 3, inhibited
regeneration, torment resistance 2, devour on kill
a: no special abilities


You were on level 3 of the Dungeon.
You visited 1 branch of the dungeon, and saw 3 of its levels.

You collected 169 gold pieces.

Inventory:

Hand Weapons
 r - the +8 hand axe of Articulation {heavy, +Blink}
   (You found it on level 2 of the Dungeon)

   +Blink:    It lets you blink.
Armour
 a - a +2 scale mail (worn)
 b - a +0 buckler (worn)
 f - a scarf of repulsion (worn)
 q - a +0 pair of boots (worn)
Jewellery
 g - a ring of willpower (left claw)
 n - a ring of ice
Wands
 t - a wand of charming (5)
Scrolls
 e - a scroll of teleportation {unknown}
 h - a scroll of torment {unknown}
 k - a scroll of poison {unknown}
 l - a scroll of enchant weapon {unknown}
 o - 2 scrolls of amnesia {unknown}
 s - a scroll of blinking {unknown}
Potions
 d - a potion of lignification (quivered)
 j - a potion of enlightenment
 m - a potion of curing
 p - a potion of brilliance


   Skills:
 + Level 4.1 Fighting
 + Level 3.4 Armour
 + Level 3.3 Shields
 + Level 3.3 Unarmed Combat


You had 3 spell levels left.
You didn't know any spells.
Your spell library contained the following spells:

 Spells                   Type           Power      Damage    Failure   Level
 Volatile Blastmotes      Fire/Tloc      0%         2d10      99%         3
 Fulminant Prism          Conj/Alch      0%         3d5       100%        4
 Iskenderun's Mystic Bla Conj/Tloc 0%             2d3        (+2d1     100%        4


Dungeon Overview and Level Annotations

Branches:
Dungeon (3/15)

Altars:
Qazlal

Annotations:
D:3 Revguard's ghost, amateur DsFi


Innate Abilities, Weirdness & Mutations

You are immune to poison.
You have sharp fingernails.
Your flesh is cold resistant. (rC+)
You are immune to negative energy. (rN+++)
You do not regenerate when monsters are visible.
You are immune to unholy pain and torment.
You thrive by killing the living.


Message History

Revguard's ghost hits you but does no damage.
You scratch Revguard's ghost but do no damage.
You block the jackal's attack. Revguard's ghost hits you!
Aiming: Charm
Press: ? - help, Shift-Dir - straight line, f - Revguard's ghost
Aim: Revguard's ghost (chance to affect: 43%)
Okay, then.
You scratch Revguard's ghost.
Revguard's ghost is lightly damaged.
The jackal bites you but does no damage.
The jackal barely misses you. Revguard's ghost hits you.
You scratch Revguard's ghost but do no damage.
Revguard's ghost is lightly damaged.
The jackal misses you. Revguard's ghost hits you!
* * * LOW HITPOINT WARNING * * *
The orc hits you with a +0 hand axe.
* * * LOW HITPOINT WARNING * * *
You feel better.
The jackal bites you but does no damage.
The orc hits you with a +0 hand axe.
* * * LOW HITPOINT WARNING * * *
Revguard's ghost hits you.
* * * LOW HITPOINT WARNING * * *
You block the jackal's attack.
You feel better. The jackal closely misses you. Revguard's ghost hits you!
* * * LOW HITPOINT WARNING * * *
The orc closely misses you.
Your unliving flesh cannot be transformed in this way.
You feel very mighty all of a sudden.
The jackal bites you but does no damage.
Revguard's ghost barely misses you. You block the orc's attack.
You closely miss the jackal.
The jackal bites you but does no damage.
The jackal barely misses you.
Revguard's ghost hits you but does no damage.
You block the orc's attack.
You claw the jackal!
You kill the jackal!
You feel better. Revguard's ghost hits you!
You die...

#.#.##.###.###.####.# #..#...
#.......#.## #.####.###).....
###.####)#####.#..........###
#............#.##..#.##.#
#####.###.............#.#
#.###.............#.#
#......#########..#.#
####......#.......#....###
#........@#r......#.......
#.##....o†W.......#.......
##.##......'.....$.#.......
#..........'.....$.#...####
#..###.....#.......#...# ##
#.......#..#...(...#...# #.
#.#######..#########..## ##
#.# ##................# #
#.###.#.#.............#####


You could see Revguard's ghost, an orc and a quokka.

Vanquished Creatures
  4 adders
  2 ribbon worms
  A dart slug (D:1)
  5 orcs (D:3)
  5 bats
  5 endoplasms
  3 giant cockroaches
  4 goblins
  6 hobgoblins
  3 jackals
  2 quokkas
  8 ball pythons
  3 frilled lizards
  7 kobolds
  6 rats
64 creatures vanquished.

Notes
Turn   | Place    | Note
-------+----------+-------------------------------------------
     0 | D:1      | GabrielManson the Ghoul Fighter began the quest for the
                  | Orb.
     0 | D:1      | Reached XP level 1. HP: 19/19 MP: 1/1
   138 | D:1      | Reached XP level 2. HP: 26/26 MP: 2/2
   365 | D:1      | Reached XP level 3. HP: 26/31 MP: 3/3
  1355 | D:2      | Reached XP level 4. HP: 40/40 MP: 4/4
  1405 | D:2      | Identified the +8 hand axe of Articulation {heavy, +Blink}
  1676 | D:3      | Found a stormy altar of Qazlal.
  1720 | D:3      | Reached skill level 4 in Fighting
  1868 | D:3      | Found a runed translucent gate.
  1868 | D:3      | Noticed Revguard's ghost (amateur DsFi)
  1869 | D:3      | Found a runed translucent gate.
  1870 | D:3      | Found a runed translucent gate.
  2205 | D:3      | HP: 1/40 [Revguard's ghost (9)]
  2208 | D:3      | Mangled by Revguard's ghost

Illustrated notes

Levels and vault maps discovered:
D:1:      dpeg_arrival_circle_labyrinth_a, layout_basic, dreamdust_wishing_well,
          minmay_tromino_mix6
D:2:      layout_basic
D:3:      layout_loops_cross, lemuel_tele_altar, gammafunk_ghost_split

Skill      XL: |  1  2  3  4 |
---------------+-------------+-----
Shields        | 3 |  3.3
Armour         | 3 |  3.4
Unarmed Combat | 3 |  3.3
Fighting       | 4 |  4.1

Action                     |  1- 3 |  4- 6 || total
---------------------------+-------+-------++-------
  Melee: Unarmed           |   113 |    81 ||   194
    Use: Potion            |     2 |     4 ||     6
         Scroll            |     1 |     4 ||     5
 Armour: Scale mail        |   113 |    62 ||   175
  Dodge: Dodged            |    53 |    35 ||    88
         Repelled          |     1 |     1 ||     2
  Block: Buckler           |    33 |    17 ||    50

Table legend: (Time is in decaauts)
 A = Elapsed time spent in this place.
 B = Non-inter-level travel time spent in this place.
 C = Inter-level travel time spent in this place.
 D = Time resting spent in this place.
 E = Time spent auto-exploring this place.
 F = Levels seen in this place.
 G = Mean time per level.
                   A        B        C        D        E       F      G
               +--------+--------+--------+--------+--------+-----+--------+
         Total |   2187 |   2155 |     32 |      0 |   1703 |   3 |  729.0 |
       Dungeon |   2187 |   2155 |     32 |      0 |   1703 |   3 |  729.0 |
               +--------+--------+--------+--------+--------+-----+--------+

Top non-repeatable levels by time:
     D:1: 824 daAuts
     D:2: 756 daAuts
     D:3: 606 daAuts
